 Dungeon Crawl Stone Soup version 0.23.2-33-g5129a83184 (webtiles) character file.

Game seed: 13312050908960303599

223 Feetnoise the Skirmisher (level 6, -2/53 HPs)
             Began as a Hill Orc Berserker on July 2, 2019.
             Was a Believer of Trog.
             Succumbed to an orc wizard's poison
             ... on level 4 of the Dungeon.
             The game lasted 00:29:29 (4167 turns).

Feetnoise the Skirmisher (Hill Orc Berserker)       Turns: 4167, Time: 00:29:30

Health: -2/53      AC: 11    Str: 22    XL:     6   Next: 0%
Magic:  4/6        EV:  7    Int:  7    God:    Trog [**....]
Gold:   242        SH:  0    Dex: 10    Spells: 5/5 levels left

rFire    . . .     SeeInvis .   o - +2 mace (holy)
rCold    . . .     Gourm    .   (no shield)
rNeg     + . .     Faith    .   p - +0 plate armour
rPois    .         Spirit   +   (no helmet)
rElec    .         Reflect  .   (no cloak)
rCorr    .         Harm     .   (no gloves)
MR       .....                  (no boots)
Stlth    ..........             B - amulet of guardian spirit
HPRegen  0.17/turn              C - ring of positive energy
MPRegen  0.10/turn              (no ring)

@: lethally poisoned (-2 -> -58)
A: no striking features
a: Berserk, Trog's Hand, Renounce Religion


You were on level 4 of the Dungeon.
You worshipped Trog.
Trog was pleased with you.
You were not hungry.

You visited 1 branch of the dungeon, and saw 4 of its levels.

You collected 242 gold pieces.

Inventory:

Hand Weapons
 a - a +0 hand axe
 o - a +2 mace of holy wrath (weapon)
 s - a +0 whip
 t - a +0 whip
 u - a +0 spear
 E - a +0 blowgun
Missiles
 f - 2 tomahawks (quivered)
 x - 38 poisoned needles
Armour
 b - a +0 animal skin
 h - a +0 scale mail
 i - a +0 ring mail
 k - a +0 cloak
 l - a +0 robe
 p - a +0 plate armour (worn)
 D - a cursed +0 chain mail
Jewellery
 B - an amulet of guardian spirit (around neck)
 C - a ring of positive energy (left hand)
Wands
 y - a wand of paralysis (6)
Scrolls
 c - a scroll of remove curse {unknown}
 e - 3 scrolls of teleportation {unknown}
 g - 4 scrolls of fog {unknown}
 m - 2 scrolls of identify {unknown}
 v - 3 scrolls of immolation {unknown}
 w - a scroll of fear {unknown}
 z - a scroll of random uselessness {unknown}
Potions
 d - 2 potions of flight {unknown}
 j - a potion of lignification {unknown}
 n - a potion of haste {unknown}
 q - a potion of magic {unknown}
 r - 2 potions of curing {unknown}
 A - a potion of agility {unknown}
Comestibles
 F - a ration


   Skills:
 + Level 4.6 Fighting
 + Level 4.3(5.4) Axes
 + Level 4.0(4.7) Maces & Flails
 + Level 3.4 Armour
 + Level 2.0 Dodging
 + Level 0.5 Stealth


You had 5 spell levels left.
You didn't know any spells.
Your spell library was empty.

Dungeon Overview and Level Annotations

Branches:
Dungeon (4/15)
 Temple: D:4-7

Altars:
Cheibriados
Okawaru


Message History

Something hits you but does no damage.
You are more poisoned.
You sock the orc!
You kill the orc!
Trog accepts your kill.
You have reached level 6!
Your experience leads to an increase in your attributes!
Increase (S)trength, (I)ntelligence, or (D)exterity?
You feel stronger.
* * * LOW HITPOINT WARNING * * *
You feel very sick. Something hits you but does no damage.
You are more poisoned.
You miss something.
* * * LOW HITPOINT WARNING * * *
You feel very sick. Something hits you but does no damage.
You are more poisoned.
You hit something.
You die...

###### ###################.....
..............#...'.....
..............#...#.....
..............#...#.....
..............#...#.....
........{.....#...#.....
.......@).....#.).#.....
#####################.####'#.....
....................#.###........
....................#...#........
....................#...'........
..........>.........#...#........
#...................#...#........
..####..............###'#........
..# #.#+####................#'##


There were no monsters in sight!

Vanquished Creatures
  An orc priest (D:4)
  Natasha (thrice) (D:4)
  A hound skeleton (D:4)
  2 adders
  2 oozes
  An adder skeleton (D:4)
  3 worms (D:2)
  A leopard gecko (D:3)
  9 orcs
  6 bats
  2 giant cockroaches
  6 goblins
  6 hobgoblins
  7 kobolds
  4 quokkas
  4 ball pythons
  A frilled lizard (D:2)
  3 rats
62 creatures vanquished.

Notes
Turn   | Place    | Note
-------+----------+-------------------------------------------
     0 | D:1      | Feetnoise the Hill Orc Berserker began the quest for the
                  | Orb.
     0 | D:1      | Reached XP level 1. HP: 19/19 MP: 1/1
   969 | D:2      | Reached XP level 2. HP: 27/27 MP: 2/2
  1190 | D:2      | Reached XP level 3. HP: 33/33 MP: 3/3
  1275 | D:2      | Reached skill level 1 in Maces & Flails
  1879 | D:3      | Reached ** piety under Trog
  1905 | D:3      | Reached XP level 4. HP: 38/40 MP: 4/4
  2110 | D:3      | Paralysed by an orc for 3 turns
  3287 | D:4      | Found a snail-covered altar of Cheibriados.
  3738 | D:4      | Found an iron altar of Okawaru.
  3909 | D:4      | Noticed Natasha
  3919 | D:4      | Killed Natasha
  3919 | D:4      | Reached XP level 5. HP: 44/46 MP: 3/5
  3967 | D:4      | Noticed Natasha
  3975 | D:4      | Killed Natasha
  3990 | D:4      | Noticed Natasha
  4001 | D:4      | Killed Natasha
  4165 | D:4      | Reached XP level 6. HP: 12/53 MP: 4/6
  4167 | D:4      | Succumbed to an orc wizard's poison

Skill      XL: |  1  2  3  4  5 |
---------------+----------------+-----
Dodging        | 2 |  2.0
Maces & Flails | 1 3 4 |  4.0
Fighting       | 4 |  4.6
Armour         | 3 |  3.4
Axes           | |  4.3
Stealth        | |  0.5

Action                   |  1- 3 |  4- 6 || total
-------------------------+-------+-------++-------
Melee: Hand axe          |    14 |       ||    14
       Mace              |    84 |   109 ||   193
  Eat: Ration            |     1 |     2 ||     3
Armor: Plate armour      |    51 |    82 ||   133
       Animal skin       |     4 |       ||     4
Dodge: Dodged            |    46 |    46 ||    92
